 Dungeon Crawl Stone Soup version 0.30-a0-341-g682706514a (webtiles) character file.

Game seed: 10513657965375816399

15117 loralnil the Covert (level 11, -1/55 HPs)
             Began as a Spriggan Enchanter on Nov 1, 2022.
             Was a Priest of Dithmenos.
             Killed from afar by a catoblepas (3 damage)
             ... with a blast of calcifying dust
             ... while petrified by a catoblepas
             ... on level 12 of the Dungeon.
             The game lasted 00:27:17 (11934 turns).

loralnil the Covert (Spriggan Enchanter)           Turns: 11934, Time: 00:27:18

Health: -1/55      AC:  6    Str:  4    XL:     11   Next: 97%
Magic:  0/21       EV:  4    Int: 19    God:    Dithmenos [***...]
Gold:   640        SH:  0    Dex: 18    Spells: 11/22 levels left

rFire   . . .      SeeInvis +    f - +3 dagger (protect)
rCold   . . .      Faith    .    (no shield)
rNeg    + + +      Spirit   +    b - +0 robe
rPois   ∞          Reflect  .    (helmet restricted)
rElec   .          Harm     .    (no cloak)
rCorr   .          Rampage  .    (gloves unavailable)
Will    +....                    (boots unavailable)
Stlth   +++++++...               G - amulet of guardian spirit
HPRegen 0.29/turn                p - +4 ring of protection
MPRegen 0.17/turn                x - +4 ring of evasion

@: petrified, wreathed by umbra, very quick
A: very small, no large weapons, unfitting armour, see invisible, speed 3
a: Renounce Religion, Shadow Step


You were on level 12 of the Dungeon.
You worshipped Dithmenos.
Dithmenos was most pleased with you.
You visited 2 branches of the dungeon, and saw 14 of its levels.

You collected 728 gold pieces.
You spent 88 gold pieces at shops.

Inventory:

Hand Weapons
 f - a +3 dagger of protection (weapon)
 y - a +1 dagger of venom
Missiles
 g - a throwing net (quivered)
Armour
 b - a +0 robe (worn)
 n - a +2 buckler
Jewellery
 p - a +4 ring of protection (left hand)
 s - a ring of protection from cold
 x - a +4 ring of evasion (right hand)
 G - an amulet of guardian spirit (around neck)
 M - a ring of poison resistance
Wands
 B - a wand of mindburst (18)
 D - a wand of iceblast (3)
 H - a wand of flame (5)
 J - a wand of paralysis (7)
 L - a wand of digging (6)
Scrolls
 j - 8 scrolls of teleportation
 m - 4 scrolls of butterflies
 v - 2 scrolls of blinking
 w - a scroll of enchant armour
 z - a scroll of summoning {unknown}
 A - a scroll of poison {unknown}
 C - 2 scrolls of immolation {unknown}
 F - a scroll of amnesia {unknown}
 I - a scroll of silence
Potions
 a - 3 potions of brilliance
 c - 2 potions of invisibility
 d - 6 potions of heal wounds
 e - 2 potions of flight
 h - 4 potions of haste
 i - a potion of mutation {unknown}
 k - a potion of berserk rage {unknown}
 l - 4 potions of curing
 o - a potion of resistance {unknown}
 q - 4 potions of cancellation
 r - 2 potions of attraction
 t - a potion of ambrosia
 u - 2 potions of degeneration {unknown}
 E - 3 potions of lignification {unknown}
 K - a potion of might {unknown}


   Skills:
 - Level 5.0 Fighting
 + Level 11.4 Short Blades
 - Level 7.0 Dodging
 + Level 11.9 Stealth
 - Level 4.0 Shields
 - Level 6.0 Spellcasting
 + Level 4.1 Conjurations
 - Level 9.0 Hexes
 - Level 5.0 Ice Magic


You had 11 spell levels left.
You knew the following spells:

 Your Spells              Type           Power      Damage    Failure   Level
a - Ensorcelled Hibernat  Hex/Ice        64%        N/A       1%          2
b - Confusing Touch       Hex            39%        N/A       1%          3
c - Tukima's Dance        Hex            39%        N/A       1%          3
d - Dazzling Flash        Conj/Hex       60%        N/A       2%          3

Your spell library contained the following spells:

 Spells                   Type           Power      Damage    Failure   Level
 Cigotuvi's Dreadful Rot  Necr/Pois/Air  10%        N/A       17%         2
 Poisonous Vapours        Pois/Air       10%        N/A       17%         2
 Mephitic Cloud           Conj/Pois/Air  11%        N/A       19%         3
 Iskenderun's Mystic Bla  Conj/Tloc      13%        2d5       43%         4
 Starburst                Conj/Fire      6%         6d4       100%        6


Dungeon Overview and Level Annotations

Branches:
Dungeon (13/15)            Temple (1/1) D:7            Lair (0/5) D:9
    Orc (0/2) D:11
 Vaults: D:13-14

Altars:
Ashenzari
Cheibriados
Dithmenos
Elyvilon
Fedhas
Gozag
Hepliaklqana
Kikubaaqudgha
Makhleb
Nemelex Xobeh
Okawaru
Qazlal
Ru
Sif Muna
Trog
Uskayaw
Vehumet
Wu Jian
Xom
Yredelemnul
Zin
The Shining One

Shops:
D:3 !   D:5 !

Annotations:
D:12 2 transporters, Teveal's ghost, journeyman MiFi


Innate Abilities, Weirdness & Mutations

You are very small and have problems with some larger weapons.
You are too small for most types of armour.
You have supernaturally acute eyesight. (SInv)
You cover ground extremely quickly. (Speed+++)


Message History

The blast of calcifying dust hits you.
Your hands stop glowing.
The catoblepas gores you. The catoblepas gores you!!
* * * LOW HITPOINT WARNING * * *
You turn to flesh and can move again.
Unknown command.
You feel much better. The catoblepas completely misses you.
Casting: Confusing Touch (safe; 1% risk of failure)
Confirm with . or Enter, or press ? or * to list all spells.
Aiming: Ensorcelled Hibernation (safe; 1% risk of failure)
Press: ? - help, Shift-Dir - straight line, f - catoblepas
Aim: a catoblepas (umbra, chance to affect: 5%)
The catoblepas resists with almost no effort.
The catoblepas completely misses you.
Casting: Ensorcelled Hibernation (safe; 1% risk of failure)
Confirm with . or Enter, or press ? or * to list all spells.
Aiming: Ensorcelled Hibernation (safe; 1% risk of failure)
Press: ? - help, Shift-Dir - straight line, f/p - catoblepas
Aim: a catoblepas (umbra, chance to affect: 5%)
The catoblepas resists with almost no effort.
The catoblepas breathes a plume of calcifying dust at you.
The blast of calcifying dust hits you.
You are engulfed in calcifying dust.
You are slowing down.
The catoblepas gores you!
You climb upwards.
Level annotation: 2 transporters, Teveal's ghost, journeyman MiFi You have turned to stone.
The catoblepas breathes a plume of calcifying dust at you.
The blast of calcifying dust hits you.
You are engulfed in calcifying dust.
The catoblepas gores you!
You are engulfed in calcifying dust.
The catoblepas gores you!!
* * * LOW HITPOINT WARNING * * *
You are engulfed in calcifying dust.
The catoblepas gores you!!
* * * LOW HITPOINT WARNING * * *
You are engulfed in calcifying dust.
The catoblepas breathes a plume of calcifying dust at you.
The blast of calcifying dust hits you.
You die...

#.....# #....[# #.....# #.....#
#.....# #.....# #.....# #.....#
#.§§@Y# #.....#
#############.....###############
.................................
†....)............<.....).<......
..........>........^.............
.................................
.................................
#############.....###############


You could see a catoblepas.

Vanquished Creatures
  Erica (D:9)
  A boulder beetle (D:11)
  2 two-headed ogres
  A deep elf pyromancer (D:12)
  An ugly thing (D:13)
  A manticore (D:11)
  2 gargoyles
  A kobold demonologist (D:11)
  Psyche (D:8)
  An unseen horror (D:13)
  A tengu conjurer (D:13)
  3 trolls
  6 slime creatures (D:12)
  Prince Ribbit (D:7)
  A shadow (D:10)
  A vampire (D:12)
  3 wraiths
  A wyvern (D:10)
  A steam dragon (D:9)
  16 yaks
  7 vampire mosquitoes
  An acid dragon (D:11)
  4 water moccasins
  8 orc warriors
  An ice beast (D:8)
  2 black bears
  A sky beast (D:5)
  An ogre (D:4)
  A bullfrog (D:7)
  3 gnoll sergeants
  A scorpion (D:6)
  3 wights (D:8)
  10 killer bees
  2 electric eels (D:11)
  2 howler monkeys
  5 hounds
  11 orc priests
  4 iguanas
  11 orc wizards
  6 adders
  14 gnolls
  A shadow imp (D:5)
  2 white imps
  3 ufetubi
  4 worms
  3 dart slugs
  42 orcs
  2 endoplasms
  2 giant cockroaches
  10 goblins
  5 hobgoblins
  7 jackals
  4 kobolds
  A quokka (D:1)
  4 ball pythons
  3 bats
  11 frilled lizards
  6 rats
254 creatures vanquished.

Vanquished Creatures (others)
  3 plants (D:4)
3 creatures vanquished.

Grand Total: 257 creatures vanquished

Notes
Turn   | Place    | Note
-------+----------+-------------------------------------------
     0 | D:1      | loralnil the Spriggan Enchanter began the quest for the
                  | Orb.
     0 | D:1      | Reached XP level 1. HP: 9/9 MP: 5/5
   279 | D:1      | Reached XP level 2. HP: 13/13 MP: 6/6
   282 | D:1      | Learned a level 2 spell: Ensorcelled Hibernation
   804 | D:1      | Reached XP level 3. HP: 16/16 MP: 8/8
  1298 | D:2      | Reached skill level 5 in Stealth
  1325 | D:2      | Learned a level 3 spell: Confusing Touch
  2090 | D:3      | Reached XP level 4. HP: 21/21 MP: 2/9
  2190 | D:3      | Learned a level 3 spell: Tukima's Dance
  2208 | D:3      | Found Fuewkaun's Distillery.
  2217 | D:3      | Bought a potion of heal wounds for 55 gold pieces
  2217 | D:3      | Bought a potion of curing for 33 gold pieces
  2484 | D:3      | Found a basalt altar of Yredelemnul.
  3086 | D:4      | Noticed an ogre
  3097 | D:4      | Killed an ogre
  3098 | D:4      | Reached skill level 1 in Ice Magic
  3098 | D:4      | Reached XP level 5. HP: 24/24 MP: 3/10
  3273 | D:4      | Reached skill level 5 in Hexes
  3463 | D:4      | Reached XP level 6. HP: 28/28 MP: 8/11
  3782 | D:5      | Entered Level 5 of the Dungeon
  3821 | D:5      | Found Diytis's Distillery.
  3891 | D:5      | Found a stormy altar of Qazlal.
  4012 | D:5      | Found a bloodstained altar of Trog.
  4478 | D:6      | Noticed a sky beast
  4484 | D:6      | Noticed a water moccasin
  4493 | D:5      | Killed a sky beast
  4494 | D:5      | Reached XP level 7. HP: 32/32 MP: 9/12
  4630 | D:6      | Noticed a yak
  4803 | D:6      | Noticed a yak
  4805 | D:6      | Noticed a yak
  4805 | D:6      | Noticed a yak
  4816 | D:6      | Killed a yak
  4817 | D:6      | Reached skill level 5 in Short Blades
  4817 | D:6      | Reached XP level 8. HP: 28/36 MP: 6/13
  4822 | D:6      | Reached skill level 5 in Dodging
  4935 | D:6      | Learned a level 3 spell: Dazzling Flash
  5936 | D:7      | Found a staircase to the Ecumenical Temple.
  5945 | Temple   | Entered the Ecumenical Temple
  5952 | Temple   | Became a worshipper of Dithmenos the Shadowed
  6325 | D:7      | Noticed Prince Ribbit
  6331 | D:7      | Killed Prince Ribbit
  6332 | D:7      | Reached XP level 9. HP: 39/39 MP: 11/14
  6670 | D:8      | Found a glowing golden altar of the Shining One.
  6702 | D:8      | Reached skill level 1 in Fighting
  6709 | D:8      | Reached * piety under Dithmenos
  6710 | D:8      | Reached skill level 1 in Shields
  6906 | D:8      | Noticed Psyche
  6912 | D:8      | Killed Psyche
  7418 | D:9      | Reached skill level 5 in Spellcasting
  7623 | D:9      | Noticed Erica
  7630 | D:9      | Killed Erica
  7631 | D:9      | Reached XP level 10. HP: 48/48 MP: 17/19
  7663 | D:9      | Found a staircase to the Lair.
  8046 | D:10     | Entered Level 10 of the Dungeon
  8221 | D:10     | Noticed a gargoyle
  8241 | D:10     | Killed a gargoyle
  8718 | D:10     | Reached ** piety under Dithmenos
  9179 | D:11     | Noticed a boulder beetle
  9229 | D:11     | Killed a boulder beetle
  9230 | D:11     | Reached skill level 5 in Ice Magic
  9278 | D:11     | Noticed a manticore
  9290 | D:11     | Killed a manticore
  9388 | D:11     | Found a sparkling altar of Nemelex Xobeh.
  9495 | D:10     | Reached XP level 11. HP: 30/54 MP: 9/21
  9598 | D:10     | Reached skill level 1 in Conjurations
 10132 | D:11     | Reached skill level 10 in Short Blades
 10292 | D:11     | Reached skill level 5 in Fighting
 10475 | D:11     | Reached *** piety under Dithmenos
 11047 | D:11     | Found a staircase to the Orcish Mines.
 11135 | D:12     | Reached skill level 10 in Stealth
 11216 | D:12     | Noticed a deep elf pyromancer
 11218 | D:12     | Noticed a two-headed ogre
 11292 | D:12     | Killed a deep elf pyromancer
 11337 | D:12     | Killed a two-headed ogre
 11458 | D:12     | Found a transporter.
 11460 | D:12     | Noticed Teveal's ghost (journeyman MiFi)
 11462 | D:12     | Found a transporter.
 11705 | D:13     | Noticed a cyan ugly thing
 11705 | D:13     | Noticed a two-headed ogre
 11709 | D:13     | Killed a two-headed ogre
 11712 | D:13     | Killed a cyan ugly thing
 11775 | D:13     | Noticed a catoblepas
 11780 | D:13     | Noticed a tengu warrior
 11933 | D:12     | HP: 2/55 [catoblepas (9)]
 11934 | D:12     | Killed from afar by a catoblepas

Illustrated notes

Levels and vault maps discovered:
D:1:      dpeg_arrival_circle_labyrinth_c, layout_basic
D:2:      layout_loops_ring, kennysheep_doodads
D:3:      layout_loops_corners, yredelemnul_altar_generic, serial_shops,
          nicolae_shop_crystal
D:4:      layout_rooms, minmay_lizard_king
D:5:      layout_rooms, lemuel_coloured_pillars_altar,
          mainiacjoe_overflow_catwalk, serial_shops, shop
D:6:      layout_rooms
D:7:      layout_loops_ring, temple_hall, enter_bailey_5,
          david_defended_altar_orc, uniq_prince_ribbit1
D:8:      layout_loops_ring, lemuel_tele_altar, fountainhead, uniq_psyche
D:9:      layout_rooms, lair_entry_dummy, uniq_erica
D:10:     layout_basic
D:11:     layout_irregular_city, erik_orc_2, nemelex_xobeh_ov_fountains_minmay
D:12:     layout_cross, gammafunk_ghost_hive
D:13:     layout_basic, david_vaults_2, uniq_sonja, uniq_nessos
Temple:   nicolae_temple_no_exploring_needed

Skill      XL: |  1  2  3  4  5  6  7  8  9 10 11 |
---------------+----------------------------------+-----
Dodging        | 3 4 6 7 |  7.0
Spellcasting   | 3 5 6 |  6.0
Hexes          | 4 5 6 8 9 |  9.0
Stealth        | 5 6 7 8 11 | 11.9
Short Blades   | 2 3 4 5 7 8 9 11 | 11.4
Ice Magic      | 1 2 3 5 |  5.0
Fighting       | 2 4 5 |  5.0
Shields        | 2 4 |  4.0
Conjurations   | 4 |  4.1

Action                   |  1- 3 |  4- 6 |  7- 9 | 10-12 || total
-------------------------+-------+-------+-------+-------++-------
Melee: Dagger            |   111 |    79 |   170 |   279 ||   639
       Punch             |     1 |     1 |     4 |     4 ||    10
 Cast: Ensorcelled Hiber |    15 |    26 |    74 |   106 ||   221
       Confusing Touch   |       |       |     2 |    16 ||    18
  Use: Scroll            |     5 |     4 |     3 |     2 ||    14
       Potion            |       |       |       |     1 ||     1
 Stab: Sleeping          |    16 |    33 |    53 |    67 ||   169
       Confused          |       |       |     2 |    14 ||    16
       Petrified         |       |       |       |     1 ||     1
Armor: Robe              |    16 |    18 |    35 |    27 ||    96
Dodge: Dodged            |    85 |    37 |   155 |   254 ||   531

Table legend: (Time is in decaauts)
 A = Elapsed time spent in this place.
 B = Non-inter-level travel time spent in this place.
 C = Inter-level travel time spent in this place.
 D = Time resting spent in this place.
 E = Time spent auto-exploring this place.
 F = Levels seen in this place.
 G = Mean time per level.
                   A        B        C        D        E       F      G
               +--------+--------+--------+--------+--------+-----+--------+
         Total |   8825 |   8615 |    210 |    816 |   6016 |  14 |  630.4 |
       Dungeon |   8815 |   8605 |    210 |    816 |   6016 |  13 |  678.1 |
        Temple |     10 |     10 |      0 |      0 |      0 |   1 |   10.0 |
               +--------+--------+--------+--------+--------+-----+--------+

Top non-repeatable levels by time:
    D:11: 1241 daAuts
    D:10: 1164 daAuts
     D:1: 891 daAuts
     D:7: 803 daAuts
     D:3: 700 daAuts
     D:9: 613 daAuts
     D:8: 595 daAuts
     D:6: 593 daAuts
     D:5: 587 daAuts
     D:4: 517 daAuts
     D:2: 495 daAuts
    D:12: 482 daAuts
    D:13: 128 daAuts
  Temple: 10 daAuts
